 Dungeon Crawl Stone Soup version 0.29-a0-96-g93358da72b (webtiles) character file.

Game seed: 10233246504126779907

4 cyrus the Skirmisher (level 1, -3/21 HPs)
             Began as a Naga Fighter on Feb 11, 2022.
             Was a Plaything of Xom.
             Frozen to death by an endoplasm (5 damage)
             ... on level 1 of the Dungeon.
             The game lasted 00:00:35 (180 turns).

cyrus the Skirmisher (Naga Fighter)                  Turns: 180, Time: 00:00:35

Health: -3/21      AC:  4    Str: 18    XL:     1   Next: 70%
Magic:  1/1        EV:  7    Int:  8    God:    Xom [..*...]
Gold:   29         SH:  4    Dex: 10    Spells: 0/0 levels left

rFire   . . .      SeeInvis +   a - +0 trident
rCold   . . .      Faith    .   c - +0 buckler
rNeg    . . .      Spirit   .   b - +0 scale mail
rPois   +          Reflect  .   (no helmet)
rElec   .          Harm     .   (no cloak)
rCorr   .          Rampage  .   (no gloves)
Will    .....                   (no barding)
Stlth   ..........              (no amulet)
HPRegen 0.07/turn               (no ring)
MPRegen 0.07/turn               (no ring)

@: very slow
A: AC +0, large, see invisible, deformed body, poison resistance, slowness 2,
spit poison 1, naga tail 1
a: Spit Poison, Renounce Religion


You were on level 1 of the Dungeon.
You worshipped Xom.
You were a toy of Xom.
You visited 1 branch of the dungeon, and saw 1 of its levels.

You collected 29 gold pieces.

Inventory:

Hand Weapons
 a - a +0 trident (weapon)
Armour
 b - a +0 scale mail (worn)
 c - a +0 buckler (worn)
Scrolls
 f - a scroll of identify {unknown}
Potions
 d - a potion of might
 e - a potion of curing {unknown}


   Skills:
 + Level 3.0 Fighting
 + Level 2.1 Polearms
 + Level 2.5 Armour
 + Level 2.4 Shields


You couldn't memorise any spells.
You didn't know any spells.
Your spell library was empty.

Dungeon Overview and Level Annotations

Branches:
Dungeon (1/15)

Altars:
Xom


Innate Abilities, Weirdness & Mutations

Your serpentine skin is tough. (AC +0)
You have supernaturally acute eyesight. (SInv)
Armour fits poorly on your strangely shaped body.
Your system is resistant to poisons. (rPois)
You cover ground very slowly.
You can spit poison.
You have a snake-like lower body.


Message History

The ball python barely misses you.
You barely miss the ball python. The ball python completely misses you.
You block the ball python's attack.
You hit the ball python.
The ball python is moderately wounded.
The ball python bites you but does no damage.
You hit the ball python.
You kill the ball python!
You open the door.
Found a faded altar of an unknown god.
There is an open door here.
There is a faded altar of an unknown god here.
You cannot tell which god this altar belongs to.
Convert to them anyway?
Xom accepts your prayer! Xom welcomes you!
Xom is intrigued!
There is an open door here.
You open the door.
There is an open door here.
An endoplasm and a rat come into view.
The endoplasm quivers.
You block the rat's attack. The endoplasm freezes you.
You are frozen.
The rat bites you but does no damage. The endoplasm freezes you.
You are frozen.
The endoplasm freezes you.
You are frozen.
The rat bites you.
* * * LOW HITPOINT WARNING * * *
The rat bites you.
* * * LOW HITPOINT WARNING * * *
The endoplasm hits you.
* * * LOW HITPOINT WARNING * * *
The rat bites you but does no damage. The endoplasm hits you.
* * * LOW HITPOINT WARNING * * *
You completely miss the rat. You block the rat's attack.
The endoplasm freezes you.
You are frozen.
You die...

#######.#
##.....##
.#
##...##
.# ##'##
.# #.#
#.# ##.##
##...##
#.Jr..#
##.@.##
##.## #.#
... #.#
#.# #.#
#.#


You could see an endoplasm and a rat.

Vanquished Creatures
  2 ball pythons (D:1)
  A bat (D:1)
  A frilled lizard (D:1)
4 creatures vanquished.

Notes
Turn   | Place    | Note
-------+----------+-------------------------------------------
     0 | D:1      | cyrus the Naga Fighter began the quest for the Orb.
     0 | D:1      | Reached XP level 1. HP: 21/21 MP: 1/1
   154 | D:1      | Found a faded altar of an unknown god.
   158 | D:1      | Prayed at the altar of an unknown god.
   158 | D:1      | Became a worshipper of Xom the Fickle
   180 | D:1      | Frozen to death by an endoplasm

Illustrated notes

Levels and vault maps discovered:
D:1:      ncdulo_smallfort, layout_loops_corners,
          shapermc_ecumenical_altar_mp_vishouse, minmay_pentomino_o2

Action                   || total
-------------------------++-------
Melee: Trident           ||    18
Armor: Scale mail        ||     7
Dodge: Dodged            ||    10
Block: Buckler           ||     7

Table legend: (Time is in decaauts)
 A = Elapsed time spent in this place.
 B = Non-inter-level travel time spent in this place.
 C = Inter-level travel time spent in this place.
 D = Time resting spent in this place.
 E = Time spent auto-exploring this place.
 F = Levels seen in this place.
 G = Mean time per level.
                   A        B        C        D        E       F      G
               +--------+--------+--------+--------+--------+-----+--------+
         Total |    224 |    224 |      0 |      0 |    125 |   1 |  224.0 |
       Dungeon |    224 |    224 |      0 |      0 |    125 |   1 |  224.0 |
               +--------+--------+--------+--------+--------+-----+--------+

Top non-repeatable levels by time:
     D:1: 224 daAuts
